 Dungeon Crawl Stone Soup version 0.20.1-1-g8b1a95d (webtiles) character file.

66272 vomix the Executioner (level 14, -2/122 HPs)
             Began as a Minotaur Berserker on Aug 10, 2017.
             Was a High Priest of Trog.
             Slain by an orc warrior
             ... wielding a +0 glaive
              (9 damage)
             ... on level 2 of the Orcish Mines.
             The game lasted 00:47:56 (20663 turns).

vomix the Executioner (Minotaur Berserker)         Turns: 20663, Time: 00:47:57

Health: -2/122     AC: 18    Str: 22    XL:     14   Next: 78%
Magic:  13/13      EV: 14    Int:  4    God:    Trog [*****.]
Gold:   1920       SH:  0    Dex: 15    Spells: 13/13 levels left

rFire    . . .     SeeInvis .   a - +7 executioner's axe (chop)
rCold    + . .     Gourm    .   (shield currently unavailable)
rNeg     . . .     Faith    +   p - +1 plate armour
rPois    .         Spirit   .   (helmet restricted)
rElec    .         Reflect  .   i - +0 cloak
rCorr    .         Harm     .   B - +0 pair of gloves
MR       ++...                  (no boots)
Stlth    ..........             h - amulet of faith
Regen    0.3/turn               L - ring of protection from cold
MPRegen  0.2/turn               G - ring of protection from magic

@: berserk cooldown, slowed, very slow
A: retaliatory headbutt, horns 2
a: Berserk, Trog's Hand, Brothers in Arms, Burn Spellbooks, Renounce Religion


You were on level 2 of the Orcish Mines.
You worshipped Trog.
Trog was extremely pleased with you.
You were full.

You visited 4 branches of the dungeon, and saw 19 of its levels.

You collected 2032 gold pieces.
You spent 112 gold pieces at shops.

Inventory:

Hand Weapons
 a - a +7 executioner's axe of chopping (weapon)
 b - a +4 battleaxe of flaming
 C - a +2 arbalest of flaming
Missiles
 P - 7 needles of confusion
Armour
 i - a +0 cloak (worn)
 p - a +1 plate armour (worn)
 t - a +2 ring mail of fire resistance
 B - a +0 pair of gloves (worn)
Jewellery
 f - an uncursed ring of positive energy
 h - an amulet of faith (around neck)
 G - a ring of protection from magic (right hand)
 K - an uncursed ring of teleportation
 L - a ring of protection from cold (left hand)
Wands
 l - a wand of confusion (12/48)
 o - a wand of enslavement (6/24)
 r - a wand of polymorph (13/24)
 u - a wand of random effects (25/48)
 v - a wand of disintegration (14/24)
 w - a wand of lightning (14/15)
 x - a wand of flame (24/48)
 A - a wand of scattershot (5/9)
 H - a wand of paralysis (15/24)
 J - a wand of clouds (3/9)
 O - a wand of digging (11/24)
 T - a wand of digging (5/24)
Scrolls
 d - a scroll of teleportation
 e - 6 scrolls of remove curse
 m - a scroll of magic mapping
 n - 6 scrolls of recharging
 y - a scroll of holy word
 F - 2 scrolls of immolation
 I - a scroll of enchant armour
 N - a scroll of identify
 R - 2 scrolls of fog
Potions
 g - a potion of curing
 k - 4 potions of lignification
 q - a potion of flight
 D - a potion of brilliance
 E - a potion of mutation
 M - a potion of resistance
 S - 2 potions of degeneration
Comestibles
 c - 7 bread rations
 j - 5 meat rations
 s - 4 fruits
 z - 3 chunks of flesh


   Skills:
 - Level 10.3 Fighting
 + Level 21.4 Axes
 - Level 10.1 Armour
 - Level 14.6 Dodging


You had 13 spell levels left.
You didn't know any spells.

Dungeon Overview and Level Annotations

Branches:
Dungeon (10/15)            Temple (1/1) D:7            Lair (6/6) D:8
  Swamp (0/4) Lair:3       Spider (0/4) Lair:3        Slime (0/5) Lair:6
    Orc (2/2) D:10            Elf (0/3) Orc:2

Altars:
Ashenzari
Cheibriados
Dithmenos
Elyvilon
Fedhas
Gozag
Hepliaklqana
Kikubaaqudgha
Makhleb
Nemelex Xobeh
Okawaru
Qazlal
Ru
Sif Muna
Trog
Uskayaw
Vehumet
Xom
Yredelemnul
Zin
The Shining One
Beogh
Jiyva

Shops:
Orc:2 !(%*!

Annotations:
Lair:3 exclusion: 2 oklob plants


Innate Abilities, Weirdness & Mutations

You reflexively headbutt those who attack you in melee.
You have a pair of horns on your head.


Message History

The orc shoots a bolt.
The bolt hits you but does no damage.
The orc warrior shoots a bolt.
The bolt hits you!!
* * * LOW HITPOINT WARNING * * *
You see here 2 bolts.
Your iron troll bites the orc warrior!!!
The orc warrior dies!
Trog accepts your kill.
The orc unwields an uncursed arbalest.
The orc wields a trident.
The orc hits you but does no damage.
The orc warrior shoots a bolt.
The bolt hits you.
* * * LOW HITPOINT WARNING * * *
The orc closely misses you. You furiously retaliate!
You headbutt the orc.
The orc warrior unwields an uncursed arbalest.
The orc warrior wields an uncursed glaive.
The orc warrior misses you. The orc barely misses you.
You hit the orc but do no damage.
The orc is severely wounded.
You slash the orc warrior!
The orc warrior hits you with an uncursed glaive!
You die...

#....###........#.##
##(.###.........###
#(..###........##
##.#(###..##..##
##.)(..#....#### ##.#(#)..#..##
#.((.(..#####
###########)#)#)..#####
##........(())(.@o........ ....
#....(.(().)..T.o......... ....
...##.)##))##...###...##..##(.##
##.)))()....≈≈# ≈≈.........(##
#....))....≈≈≈# ≈≈≈........((#
.......))..≈≈≈≈## ≈≈≈≈...(.....
..#...)).≈≈≈≈### #≈≈≈≈.)....# .
#.....≈≈≈≈## ###≈≈≈≈.(...#
......o))ooo. .....oo).)...


You could see an orc warrior, an orc and a friendly iron troll (berserk).

Vanquished Creatures
  An orc warlord (D:10)
  A stone giant (Orc:1)
  The ghost of vomix the Severer, a journeyman MiBe of Trog (Lair:3)
  Snorg (Lair:3)
  A rakshasa (D:8)
  7 hydras
  5 catoblepae (Lair:6)
  4 two-headed ogres
  17 death yaks
  The ghost of flestrin the Covert, a novice OpAs of Dithmenos (D:7)
  An orc sorcerer (Orc:1)
  An orc knight (Orc:2)
  2 manticores (Lair:6)
  2 cyclopes (Orc:1)
  Maurice (Orc:2)
  2 black mambas
  A torpor snail (Lair:5)
  Psyche (D:10)
  11 spiny frogs
  A gargoyle (D:10)
  3 rime drakes (Lair:6)
  10 komodo dragons
  2 trolls
  The ghost of kipponium the Conjurer, an amateur OgWz (D:3)
  A polar bear (Lair:4)
  24 blink frogs
  11 hippogriffs
  A redback (Lair:3)
  36 yaks
  A spriggan (D:7)
  4 wyverns
  2 fire elementals (Orc:2)
  A hungry ghost (D:9)
  A basilisk (Lair:3)
  A steam dragon (D:9)
  Menkaure (D:6)
  A warg (Orc:1)
  Edmund (D:6)
  15 water moccasins
  2 hell hounds (Orc:2)
  10 porcupines
  3 sky beasts
  20 orc warriors
  A black bear (D:9)
  A necrophage (D:9)
  2 ice beasts
  6 ogres
  4 phantoms
  6 wolves (Lair:5)
  10 centaurs
  13 crocodiles
  Blork the orc (D:5)
  2 big kobolds (D:8)
  14 bullfrogs
  A gnoll sergeant (D:8)
  6 scorpions
  A killer bee (D:7)
  A howler monkey (D:5)
  8 crimson imps
  A bullfrog zombie (D:10)
  2 centaur zombies
  3 jellies
  A gnoll shaman (D:7)
  18 orc priests
  2 bullfrog skeletons
  A hound (D:6)
  26 orc wizards
  Ijyb (D:3)
  Terence (D:2)
  2 iguanas
  7 worker ants
  A hell rat (D:8)
  8 gnolls
  2 river rats (D:8)
  11 adders
  6 shadow imps
  4 oozes
  2 adder skeletons
  An adder zombie (D:7)
  6 worms
  4 dart slugs
  4 leopard geckos
  95 orcs
  5 giant cockroaches
  10 goblins
  6 hobgoblins
  11 jackals
  16 kobolds
  10 quokkas
  2 ball pythons (D:2)
  7 bats
  7 frilled lizards
  A giant cockroach zombie (D:6)
  A leopard gecko skeleton (D:5)
  9 rats
  4 fungi
  3 plants
592 creatures vanquished.

Vanquished Creatures (collateral kills)
  Azrael (Orc:2)
  2 death yaks
  An orc knight (Orc:2)
  A blink frog (Lair:5)
  9 yaks
  A fire elemental (Orc:2)
  7 orc warriors
  An ogre (Orc:2)
  2 centaurs (Orc:2)
  A bullfrog (D:7)
  3 killer bees (D:7)
  An orc priest (D:7)
  A shadow imp (D:7)
  3 orcs
  A fungus (Lair:5)
35 creatures vanquished.

Vanquished Creatures (others)
  An orc warrior (Orc:1)
  A centaur (Orc:2)
  9 fungi
  10 plants
21 creatures vanquished.

Grand Total: 648 creatures vanquished

Notes
Turn   | Place    | Note
-------+----------+-------------------------------------------
     0 | D:1      | vomix the Minotaur Berserker began the quest for the Orb.
     0 | D:1      | Reached XP level 1. HP: 19/19 MP: 0/0
   137 | D:1      | Reached skill level 4 in Axes
   339 | D:1      | Reached XP level 2. HP: 26/26 MP: 1/1
   596 | D:1      | Reached skill level 5 in Axes
   731 | D:1      | Reached XP level 3. HP: 24/31 MP: 2/2
   942 | D:2      | Noticed Terence
   946 | D:2      | Killed Terence
   946 | D:2      | Reached XP level 4. HP: 39/39 MP: 3/3
   958 | D:2      | Reached ** piety under Trog
   968 | D:2      | Found a faded altar of an unknown god.
   972 | D:2      | Reached skill level 6 in Axes
  1087 | D:2      | Found an iron altar of Okawaru.
  1122 | D:2      | Found an opulent altar of Gozag.
  1466 | D:3      | Noticed kipponium's ghost (amateur OgWz)
  1473 | D:3      | Killed kipponium's ghost
  1473 | D:3      | Reached skill level 8 in Axes
  1473 | D:3      | Reached XP level 5. HP: 45/45 MP: 4/4
  1473 | D:3      | Reached XP level 6. HP: 51/51 MP: 5/5
  1599 | D:3      | Reached *** piety under Trog
  1617 | D:3      | Reached skill level 9 in Axes
  2006 | D:3      | Noticed Ijyb
  2013 | D:3      | Killed Ijyb
  2128 | D:3      | Reached XP level 7. HP: 56/57 MP: 6/6
  2356 | D:4      | Reached skill level 10 in Axes
  2535 | D:4      | Reached **** piety under Trog
  2872 | D:5      | Entered Level 5 of the Dungeon
  2893 | D:5      | Reached skill level 11 in Axes
  3057 | D:5      | Found a runed door.
  3179 | D:5      | Noticed Blork the orc
  3187 | D:5      | Reached XP level 8. HP: 18/64 MP: 7/7
  3191 | D:5      | Killed Blork the orc
  3487 | D:5      | Found a blossoming altar of Fedhas.
  3629 | D:5      | Reached skill level 12 in Axes
  3795 | D:5      | Reached ***** piety under Trog
  3832 | D:5      | Found a roughly hewn altar of Beogh.
  4056 | D:6      | Found a glowing golden altar of the Shining One.
  4060 | D:6      | Reached skill level 13 in Axes
  4064 | D:6      | Noticed Edmund
  4072 | D:6      | Killed Edmund
  4209 | D:6      | Noticed Menkaure
  4214 | D:6      | Killed Menkaure
  4214 | D:6      | Reached XP level 9. HP: 58/70 MP: 8/8
  4273 | D:6      | Reached skill level 14 in Axes
  4456 | D:6      | Got a bone rapier
  4470 | D:6      | Found a sparkling altar of Nemelex Xobeh.
  4841 | D:6      | Found a hazy altar of Hepliaklqana.
  4858 | D:6      | Identified the +6 rapier of Ducybaph {chaos, Str+6} (You found it on level 6 of the Dungeon)
  5226 | D:7      | Reached skill level 15 in Axes
  5609 | D:7      | Noticed flestrin's ghost (novice OpAs)
  5622 | D:7      | Killed flestrin's ghost
  5622 | D:7      | Reached skill level 16 in Axes
  5642 | D:7      | Found a white marble altar of Elyvilon.
  5643 | D:7      | Found a glowing golden altar of the Shining One.
  5643 | D:7      | Found a stormy altar of Qazlal.
  5644 | D:7      | Found a bloodstained altar of Trog.
  5674 | D:7      | Received a gift from Trog
  5674 | D:7      | Reached XP level 10. HP: 78/78 MP: 9/9
  5872 | D:7      | Found a staircase to the Ecumenical Temple.
  5880 | Temple   | Entered the Ecumenical Temple
  6558 | D:8      | Noticed a two-headed ogre
  6565 | D:8      | Killed a two-headed ogre
  6565 | D:8      | Reached skill level 5 in Fighting
  6565 | D:8      | Reached skill level 5 in Armour
  6579 | D:8      | Found a staircase to the Lair.
  6581 | D:8      | Noticed a death yak
  6581 | D:8      | Noticed a death yak
  6581 | D:8      | Noticed a death yak
  6596 | D:8      | Killed a death yak
  6596 | D:8      | Reached skill level 5 in Dodging
  6602 | D:8      | Killed a death yak
  6613 | D:8      | Killed a death yak
  6869 | D:8      | Reached XP level 11. HP: 74/92 MP: 10/10
  6917 | D:8      | Noticed a rakshasa
  6925 | D:8      | Killed a rakshasa
  7484 | Lair:1   | Entered Level 1 of the Lair of Beasts
  7728 | Lair:1   | Received a gift from Trog
  9470 | Lair:2   | Noticed a five-headed hydra
  9474 | Lair:2   | Killed a two-headed hydra
  9657 | Lair:3   | Found a hole to the Spider Nest.
  9683 | Lair:3   | Noticed vomix's ghost (journeyman MiBe)
  9694 | Lair:3   | Killed vomix's ghost
  9694 | Lair:3   | Reached skill level 10 in Fighting
  9694 | Lair:3   | Reached XP level 12. HP: 97/106 MP: 11/11
  9744 | Lair:3   | Found a staircase to the Swamp.
  9820 | Lair:3   | Noticed a death yak
  9834 | Lair:3   | Killed a death yak
  9924 | Lair:3   | Noticed a seven-headed hydra
  9934 | Lair:3   | Killed a three-headed hydra
  9934 | Lair:3   | Reached skill level 10 in Armour
 10554 | Lair:3   | Noticed Snorg
 10569 | Lair:3   | HP: 6/160 [Snorg (14)]
 10570 | Lair:3   | Killed Snorg
 10570 | Lair:3   | Reached skill level 10 in Dodging
 11876 | Lair:4   | Reached skill level 17 in Axes
 12555 | Lair:4   | Received a gift from Trog
 12708 | Lair:4   | HP: 5/107 [blink frog (7)]
 12719 | Lair:4   | HP: 5/107 [poisoned by a spiny frog]
 12725 | Lair:4   | HP: 4/107 [poisoned by a spiny frog]
 12731 | Lair:4   | HP: 4/107 [poisoned by a spiny frog]
 12739 | Lair:4   | HP: 4/107 [poisoned by a spiny frog]
 13185 | Lair:5   | Got a dazzling leather armour
 13196 | Lair:5   | Identified the cursed +1 leather armour of Wonder {+Inv rC+ Stlth+} (You found it on level 5 of the Lair of Beasts)
 13225 | Lair:5   | Noticed a five-headed hydra
 13234 | Lair:5   | Killed a one-headed hydra
 13310 | Lair:5   | Reached XP level 13. HP: 82/114 MP: 12/12
 14407 | Lair:6   | Entered Level 6 of the Lair of Beasts
 14413 | Lair:6   | Reached skill level 18 in Axes
 14417 | Lair:6   | Received a gift from Trog
 15097 | Lair:6   | Got a slimy battleaxe {god gift}
 15276 | Lair:6   | Identified the +2 battleaxe "Nukhuo" {freeze, Str+6 Dex+4} (Trog gifted it to you on level 6 of the Lair of Beasts)
 15802 | Lair:6   | Reached skill level 19 in Axes
 16517 | Lair:6   | Reached XP level 14. HP: 122/122 MP: 13/13
 16676 | Lair:6   | Received a gift from Trog
 16790 | Lair:6   | Received a gift from Trog
 16835 | Lair:6   | Found a viscous altar of Jiyva.
 16835 | Lair:6   | Found a staircase to the Slime Pits.
 17794 | D:9      | Reached skill level 20 in Axes
 17816 | D:9      | Found a snail-covered altar of Cheibriados.
 18160 | D:9      | Found a glowing silver altar of Zin.
 18160 | D:9      | Found a sacrificial altar of Ru.
 18232 | D:10     | Entered Level 10 of the Dungeon
 18269 | D:10     | Found a staircase to the Orcish Mines.
 18920 | D:10     | Noticed Psyche
 18926 | D:10     | Killed Psyche
 18983 | Orc:1    | Entered Level 1 of the Orcish Mines
 18996 | Orc:1    | Noticed a stone giant
 19007 | Orc:1    | Noticed an orc warlord
 19007 | Orc:1    | Killed a stone giant
 19023 | D:10     | HP: 3/183 [orc warlord/battleaxe (16)]
 19027 | D:10     | Killed an orc warlord
 19318 | Orc:1    | HP: 3/122 [cyclops/large rock (39)]
 20009 | Orc:2    | Entered Level 2 of the Orcish Mines
 20009 | Orc:2    | Found Heegutow's Distillery.
 20023 | Orc:2    | Noticed Maurice
 20026 | Orc:2    | Reached ****** piety under Trog
 20027 | Orc:2    | Found a staircase to the Elven Halls.
 20031 | Orc:2    | Noticed Azrael
 20032 | Orc:2    | Killed Maurice
 20032 | Orc:2    | Received a gift from Trog
 20033 | Orc:2    | Found Zoodghy's Antique Weapon Emporium.
 20038 | Orc:2    | Killed Azrael
 20038 | Orc:2    | Reached skill level 21 in Axes
 20088 | Orc:2    | Bought a potion of heal wounds for 80 gold pieces
 20088 | Orc:2    | Bought 2 potions of degeneration for 32 gold pieces
 20115 | Orc:2    | Found Upryop's Food Shoppe.
 20171 | Orc:2    | Found Zeugh's Distillery.
 20193 | Orc:2    | Found Sitausho's Assorted Antiques.
 20661 | Orc:2    | HP: 6/122 [orc warrior/bolt (6)]
 20663 | Orc:2    | Slain by an orc warrior

Skill      XL: |  1  2  3  4  5  6  7  8  9 10 11 12 13 14 |
---------------+-------------------------------------------+-----
Axes           | 4 5 8 9 11 13 16 17 19 21 | 21.4
Armour         | 6 9 10 | 10.1
Fighting       | 7 10 | 10.3
Dodging        | 6 9 11 14 | 14.6

Action                   |  1- 3 |  4- 6 |  7- 9 | 10-12 | 13-15 || total
-------------------------+-------+-------+-------+-------+-------++-------
Melee: Hand axe          |    51 |    77 |       |       |       ||   128
       Headbutt          |     6 |    24 |    65 |    84 |    97 ||   276
       War axe           |       |    50 |   292 |     5 |       ||   347
       Executioner's axe |       |       |       |   394 |   392 ||   786
       Battleaxe         |       |       |       |    13 |    20 ||    33
Invok: Berserk           |     1 |     3 |     8 |     5 |    15 ||    32
       Trog's Hand       |       |     3 |     5 |     4 |     7 ||    19
       Brothers in Arms  |       |       |     1 |     1 |     7 ||     9
       Burn Spellbooks   |       |       |     1 |     1 |     1 ||     3
Evoke: Wand              |       |       |       |       |     3 ||     3
  Use: Scroll            |       |       |     8 |    24 |    11 ||    43
       Potion            |       |       |     1 |     2 |     9 ||    12
 Stab: Sleeping          |     2 |       |       |       |       ||     2
       Petrified         |       |       |       |       |     1 ||     1
       Distracted        |       |       |       |       |     1 ||     1
       Invisible         |       |       |       |       |     1 ||     1
  Eat: Chunk             |       |     9 |    15 |     8 |    10 ||    42
       Bread ration      |       |       |     1 |     2 |     4 ||     7
       Royal jelly       |       |       |     1 |     1 |       ||     2
       Meat ration       |       |       |       |     2 |     4 ||     6
       Fruit             |       |       |       |     2 |     2 ||     4
Armor: Animal skin       |     3 |     8 |       |       |       ||    11
       Scale mail        |       |    32 |    49 |       |       ||    81
       Ring mail         |       |       |    57 |     1 |       ||    58
       Plate armour      |       |       |       |   257 |   234 ||   491
Dodge: Dodged            |    31 |    85 |   139 |   233 |   391 ||   879
